 Dungeon Crawl Stone Soup version 0.30-a0-779-g7971cf19c3 (webtiles) character file.

Game seed: 14480034214512081119

23277 sanka the Geomancer (level 13, -1/86 HPs)
             Began as a Gargoyle Earth Elementalist on Feb 17, 2023.
             Was a Believer of Vehumet.
             Slain by a reaper
             ... wielding a +1 scythe of freezing
              (27 damage)
             ... in an ice cave.
             The game lasted 00:38:37 (15162 turns).

sanka the Geomancer (Gargoyle Earth Elementalist)  Turns: 15162, Time: 00:38:38

Health: -1/86      AC: 24    Str: 11    XL:     13   Next: 5%
Magic:  1/22       EV: 15    Int: 25    God:    Vehumet [**....]
Gold:   345        SH:  0    Dex: 10    Spells: 14/24 levels left

rFire   . . .      SeeInvis .    a - staff of earth
rCold   + + .      Faith    .    (no shield)
rNeg    + . .      Spirit   .    H - +0 troll leather armour
rPois   ∞          Reflect  .    A - +0 helmet
rElec   +          Harm     .    D - +2 cloak {rC+}
rCorr   .          Rampage  .    (no gloves)
Will    .....                    L - +2 pair of boots {Stlth+}
Stlth   +++                      f - amulet of magic regeneration
HPRegen 1.14/turn                k - ring of Zin's Generosity {+Blink AC+4 Int+3}
MPRegen 0.58/turn                r - ring of protection from cold

@: about to teleport
A: sickness immunity, AC +9, negative energy resistance 1, electricity
resistance, torment resistance 1, petrification resistance
a: Renounce Religion, Evoke Blink


You were in an ice cave.
You worshipped Vehumet.
Vehumet was pleased with you.
You visited 1 branch of the dungeon, and saw 13 of its levels.
You also visited: Trove and Ice Cave.

You collected 1147 gold pieces.
You spent 802 gold pieces at shops.


Innate Abilities, Weirdness & Mutations

You are immune to sickness and miasma.
Your stone body is resilient. (AC +9)
You are immune to poison.
You resist negative energy. (rN+)
You are resistant to electric shocks. (rElec)
You are resistant to unholy torment.
You are immune to petrification.


   Skills:
 - Level 12.0 Fighting
 - Level 12.0 Dodging
 - Level 2.1 Stealth
 - Level 6.0 Spellcasting
 - Level 4.0 Conjurations
 - Level 2.0 Transmutations
 + Level 12.1 Earth Magic


You had 14 spell levels left.
You knew the following spells:

 Your Spells              Type           Power      Damage    Failure   Level
c - Petrify               Tmut/Erth      59%        N/A       5%          4
x - Stone Arrow           Conj/Erth      100%       3d13      1%          3
z - Sandblast             Erth           100%       2d20      1%          1
N - Passwall              Tmut/Erth      49%        N/A       1%          2

Your spell library contained the following spells:

 Spells                   Type           Power      Damage    Failure   Level
 Airstrike                Air            3%         2d(1-17)  67%         4
 Momentum Strike          Conj/Tloc      34%        3d8       6%          2
 Apportation              Tloc           14%        N/A       10%         1
 Necrotise                Necr           28%        1d5       10%         1
 Summon Small Mammal      Summ           28%        N/A       10%         1
 Dazzling Flash           Conj/Hex       34%        N/A       13%         3
 Blink                    Tloc           14%        N/A       14%         2
 Ensorcelled Hibernation  Hex/Ice        14%        N/A       14%         2
 Lesser Beckoning         Tloc           14%        N/A       14%         2
 Call Canine Familiar     Summ           7%         N/A       28%         3
 Summon Guardian Golem    Hex/Summ       7%         N/A       28%         3
 Swiftness                Air            7%         N/A       28%         3
 Vhi's Electric Charge    Tloc/Air       14%        N/A       28%         3
 Iskenderun's Mystic Bla  Conj/Tloc      17%        2d5       38%         4
 Arcjolt                  Conj/Air       8%         1d18      75%         5
 Starburst                Conj/Fire      8%         6d4       100%        6
 Maxwell's Capacitive Co  Air            3%         ∞         100%        8

Inventory:

Hand Weapons
 b - a +2 dagger of venom
 F - a +2 broad axe of freezing
 T - a +0 dagger of electrocution
Missiles
 y - 2 curare-tipped darts {=f}
 K - a throwing net {=f}
Armour
 A - a +0 helmet (worn)
 C - a +2 cloak of stealth
 D - a +2 cloak of cold resistance (worn)
 H - a +0 troll leather armour (worn)
 L - a +2 pair of boots of stealth (worn)
Magical Staves
 a - a staff of earth (weapon)
Jewellery
 d - a +6 ring of intelligence
 f - an amulet of magic regeneration (around neck)
 k - the ring of Zin's Generosity (left hand) {+Blink AC+4 Int+3}

   [ring of protection]

   AC:        It affects your AC (+4).
   Int:       It affects your intelligence (+3).
   +Blink:    It lets you blink.
 m - a +4 ring of protection
 n - a ring of see invisible
 o - the ring "Wal Feevadur" {Fire rElec Stlth+}

   [ring of fire]

   It enhances your fire magic.
   rF:        It protects you from fire.
   rC:        It makes you vulnerable to cold.
   rElec:     It insulates you from electricity.
   Stlth:     It makes you more stealthy.
 r - a ring of protection from cold (right hand)
 z - a ring of flight
 B - a ring of fire
Wands
 M - a wand of digging (6)
 U - a wand of polymorph (6)
Scrolls
 e - 5 scrolls of vulnerability {!r}
 g - 4 scrolls of teleportation {@r4}
 i - 3 scrolls of silence {!r}
 j - 2 scrolls of poison
 q - 2 scrolls of magic mapping
 s - a scroll of butterflies
 t - a scroll of torment {!r}
 w - a scroll of fog
 x - 5 scrolls of enchant weapon
 G - 2 scrolls of noise {!r}
 I - 3 scrolls of fear
Potions
 c - 5 potions of curing {@q1}
 h - 6 potions of flight
 l - 2 potions of berserk rage {!q}
 p - 3 potions of haste {@q3}
 u - 3 potions of heal wounds {@q2}
 v - a potion of magic
 E - 2 potions of might
 N - 3 potions of mutation {!q}
 P - 4 potions of brilliance {unknown}
 Q - 2 potions of resistance {unknown}
 R - 2 potions of invisibility {unknown}
 S - a potion of attraction {unknown}

Dungeon Overview and Level Annotations

Branches:
Dungeon (13/15)            Temple (0/1) D:7            Lair (0/5) D:9
    Orc (0/2) D:11          IceCv (1/1)
 Vaults: D:13-14

Altars:
Ashenzari
Cheibriados
Dithmenos
Hepliaklqana
Kikubaaqudgha
Makhleb
Ru
Uskayaw
Vehumet
Zin
The Shining One

Shops:
D:9 **   D:10 [

Annotations:
D:3 3 runed translucent doors, rlgrobin's ghost, weakling MeFi
D:8 exclusion: deep elf pyromancer

▒.###☼▒☼▒▒▒..▒▒▒▒.
▒. ▒.▒§☼☼#☼▒..▒▒..▒.
▒..▒.▒▒.☼§...▒▒...▒▒
...▒..▒▒▒....▒▒....▒
▒
.......▒...▒▒▒....▒
▒. .......▒...▒
▒▒....
!.▒..▒▒▒▒...▒...▒
▒▒.▒.▒
[...............▒
▒..▒▒▒
▒..2.8.....▒..▒
▒...▒▒
▒.▒..▒.▒..▒▒.▒▒
▒..... ▒..▒.▒▒.▒..▒
▒..▒.. ▒..▒▒..▒....▒
▒..▒.. ▒▒. .☼☼▒▒..▒▒
▒▒..▒▒▒ ▒▒ .°°☼#..▒
▒..▒▒ ▒.#▒#▒.▒▒
▒▒...▒ ▒▒°§☼°.▒
▒...▒▒ ▒▒...▒▒
▒▒..▒▒


You could see a reaper.


Message History

The stone arrow hits the reaper!!
The reaper is moderately wounded.
The reaper barely misses you.
The stone arrow misses the reaper.
The reaper hits you from afar with a +1 scythe of freezing!!
The reaper freezes you.
The stone arrow hits the reaper!
The reaper is heavily wounded.
The reaper closely misses you.
The stone arrow hits the reaper!
The reaper is heavily wounded.
The reaper hits you from afar with a +1 scythe of freezing!!
* * * LOW HITPOINT WARNING * * *
The reaper freezes you.
* * * LOW HITPOINT WARNING * * *
The stone arrow hits the reaper!
The reaper is severely wounded.
The reaper misses you.
The stone arrow hits the reaper.
The reaper is severely wounded.
The reaper hits you from afar with a +1 scythe of freezing!
* * * LOW HITPOINT WARNING * * *
The stone arrow hits the reaper!
The reaper is almost dead.
The reaper hits you but does no damage.
Okay, then.
As you read the scroll of teleportation {@r4}, it crumbles to dust.
You feel strangely unstable.
The reaper hits you from afar with a +1 scythe of freezing!!
You die...

Action                     |  1- 3 |  4- 6 |  7- 9 | 10-12 | 13-15 || total
---------------------------+-------+-------+-------+-------+-------++-------
  Melee: Unarmed           |     5 |       |       |     1 |       ||     6
         Dagger            |    25 |    14 |    33 |   263 |       ||   335
         Punch             |       |       |     3 |     5 |       ||     8
   Cast: Sandblast         |    54 |    69 |   150 |   219 |       ||   492
         Stone Arrow       |       |       |       |   165 |    22 ||   187
         Petrify           |       |       |       |    10 |       ||    10
    Use: Scroll            |       |       |       |    14 |     1 ||    15
   Stab: Sleeping          |       |     1 |       |     2 |       ||     3
         Petrified         |       |       |       |    17 |       ||    17
 Armour: Robe              |    33 |    20 |    40 |     9 |       ||   102
         Troll leather arm |       |       |       |   264 |     3 ||   267
  Dodge: Dodged            |    31 |    14 |    74 |   407 |     3 ||   529

Levels and vault maps discovered:
D:1:      roderic_dead_forest, layout_rooms, ebering_ecumenical_altar_webs
D:2:      layout_rooms, serial_shops, shop
D:3:      layout_basic, nicolae_uskayaw_murder_on_the_dancefloor,
          nicolae_tso_swordbearing_angel, biasface_ghost_orc_armoury,
          serial_rivers, chequers_serial_rivers_room_b,
          chequers_serial_rivers_small_3, chequers_serial_rivers_room_b,
          chequers_serial_rivers_room_b, chequers_serial_rivers_large_a,
          chequers_serial_rivers_small_b, uniq_jessica
D:4:      layout_cave_pools
D:5:      layout_loops_ring, gammafunk_temple_overflow_elements
D:6:      layout_gridville, nicolae_half_adder, uniq_grinder
D:7:      layout_loops_ring, lemuel_round_altar,
          mainiacjoe_overflow_small_starburst, temple_statues,
          uniq_crazy_yiuf_cottage
D:8:      hangedman_cross_veins, layout_basic
D:9:      layout_stronghold, nicolae_ru_sacrificial_ziggurat, minitemple,
          dpeg_lair_monsters, st_stairs_10, nicolae_wooded_promenade,
          dk_noncrumbling_4, kennysheep_generic_room_6
D:10:     layout_gridville, serial_shops, nicolae_stop_n_shop_2
D:11:     layout_loops_ring, zombieorc1_lemuel, enter_trove_1
D:12:     layout_roguey
D:13:     layout_loops_corners, portal_ice_cave_entry_pillars_1,
          minmay_misc_feat_room
IceCv:    ice_cave_small_demon

Notes
Turn   | Place    | Note
-------+----------+-------------------------------------------
     0 | D:1      | sanka the Gargoyle Earth Elementalist began the quest for
                  | the Orb.
     0 | D:1      | Reached XP level 1. HP: 10/10 MP: 3/3
   137 | D:1      | Reached skill level 4 in Earth Magic
   259 | D:1      | Reached XP level 2. HP: 15/15 MP: 1/5
   316 | D:1      | Found a faded altar of an unknown god.
   586 | D:1      | Reached skill level 5 in Earth Magic
   586 | D:1      | Reached XP level 3. HP: 17/19 MP: 1/6
  1059 | D:2      | Reached XP level 4. HP: 22/24 MP: 7/7
  1069 | D:2      | Reached skill level 6 in Earth Magic
  1383 | D:2      | Found Xoicat's Distillery.
  1396 | D:2      | Bought a potion of heal wounds for 55 gold pieces
  1561 | D:3      | Noticed Jessica
  1565 | D:3      | Killed Jessica
  1566 | D:3      | Reached XP level 5. HP: 28/28 MP: 5/8
  1646 | D:3      | Found a runed translucent gate.
  1646 | D:3      | Found a runed translucent gate.
  1646 | D:3      | Found a runed translucent gate.
  1651 | D:3      | Noticed rlgrobin's ghost (weakling MeFi)
  1657 | D:3      | Identified the +4 ring mail of Amuydim {Fly rC+ Will-}
  1687 | D:3      | Found a hide-covered altar of Uskayaw.
  2165 | D:3      | Found a glowing golden altar of the Shining One.
  2246 | D:3      | Reached skill level 7 in Earth Magic
  2725 | D:4      | Reached XP level 6. HP: 32/32 MP: 1/9
  2773 | D:4      | Reached skill level 8 in Earth Magic
  2945 | D:4      | Reached skill level 1 in Fighting
  2949 | D:4      | Reached skill level 2 in Dodging
  3352 | D:5      | Entered Level 5 of the Dungeon
  3370 | D:5      | Noticed a black bear
  3372 | D:5      | Killed a black bear
  3373 | D:5      | Reached skill level 2 in Fighting
  3430 | D:5      | Reached XP level 7. HP: 40/40 MP: 7/10
  3504 | D:5      | Reached skill level 3 in Fighting
  3504 | D:5      | Reached skill level 3 in Dodging
  4071 | D:5      | Reached skill level 4 in Fighting
  4205 | D:5      | Found a snail-covered altar of Cheibriados.
  4205 | D:5      | Found a glowing silver altar of Zin.
  4301 | D:5      | Reached skill level 4 in Dodging
  4366 | D:6      | Reached XP level 8. HP: 40/48 MP: 4/11
  4429 | D:6      | Reached skill level 5 in Fighting
  4612 | D:6      | Reached skill level 6 in Fighting
  4612 | D:6      | Reached skill level 5 in Dodging
  4907 | D:6      | Noticed Grinder
  4920 | D:6      | Killed Grinder
  4921 | D:6      | Reached skill level 6 in Dodging
  4921 | D:6      | Reached XP level 9. HP: 55/55 MP: 8/13
  4924 | D:6      | Learned a level 2 spell: Passwall
  4928 | D:6      | Learned a level 3 spell: Stone Arrow
  5078 | D:6      | Reached skill level 3 in Spellcasting
  5525 | D:7      | Reached skill level 9 in Earth Magic
  5744 | D:7      | Found a burning altar of Makhleb.
  5767 | D:7      | Reached skill level 4 in Spellcasting
  5922 | D:7      | Reached skill level 10 in Earth Magic
  6071 | D:7      | Found a radiant altar of Vehumet.
  6081 | D:7      | Became a worshipper of Vehumet
  6309 | D:7      | Found a runed translucent door.
  6310 | D:7      | Noticed Crazy Yiuf
  6374 | D:7      | Reached skill level 11 in Earth Magic
  6418 | D:7      | Found a staircase to the Ecumenical Temple.
  6619 | D:7      | Killed Crazy Yiuf
  6640 | D:7      | Learned a level 4 spell: Petrify
  6808 | D:8      | Reached skill level 1 in Conjurations
  6810 | D:8      | Reached skill level 2 in Conjurations
  6831 | D:8      | Noticed a death knight
  6863 | D:7      | Reached XP level 10. HP: 31/60 MP: 10/16
  6995 | D:7      | Reached * piety under Vehumet
  6995 | D:7      | Offered knowledge of Kiss of Death by Vehumet.
  7138 | D:2      | Bought a potion of haste for 110 gold pieces
  7138 | D:2      | Bought a potion of might for 44 gold pieces
  7138 | D:2      | Bought 2 potions of degeneration for 22 gold pieces
  7138 | D:2      | Bought a potion of flight for 33 gold pieces
  7138 | D:2      | Bought a potion of mutation for 88 gold pieces
  7138 | D:2      | Bought a potion of heal wounds for 55 gold pieces
  7138 | D:2      | Bought a potion of berserk rage for 55 gold pieces
  7275 | D:8      | Reached skill level 3 in Conjurations
  7275 | D:8      | Reached skill level 12 in Earth Magic
  7311 | D:8      | Reached skill level 1 in Transmutations
  7322 | D:8      | Reached skill level 4 in Conjurations
  7324 | D:8      | Reached skill level 2 in Transmutations
  7498 | D:8      | Reached skill level 5 in Spellcasting
  7516 | D:8      | Reached skill level 6 in Spellcasting
  7660 | D:8      | Found the +3 Mad Mage's Maulers {Infuse+∞ VampMP -Cast}
  7965 | D:8      | Noticed a deep elf pyromancer
  8268 | D:9      | Noticed a death yak
  8278 | D:9      | Noticed a death yak
  8279 | D:9      | Killed a death yak
  8280 | D:9      | Reached skill level 7 in Fighting
  8478 | D:9      | Offered knowledge of Static Discharge by Vehumet.
  8481 | D:9      | Reached ** piety under Vehumet
  8482 | D:9      | Reached skill level 7 in Dodging
  8548 | D:9      | Noticed a two-headed ogre
  8552 | D:9      | Killed a two-headed ogre
  8553 | D:9      | Reached skill level 8 in Fighting
  8553 | D:9      | Reached XP level 11. HP: 68/68 MP: 10/20
  8957 | D:9      | Found a sacrificial altar of Ru.
  9085 | D:9      | Found Itezituts's Assorted Antiques.
  9087 | D:9      | Found Rusetz's Assorted Antiques.
  9157 | D:9      | Noticed a death yak
  9637 | D:9      | Killed a death yak
  9638 | D:9      | Reached skill level 9 in Fighting
  9638 | D:9      | Reached skill level 8 in Dodging
  9878 | D:9      | Killed a death yak
 10124 | D:9      | Found a staircase to the Lair.
 10216 | D:9      | Found a shadowy altar of Dithmenos.
 10218 | D:9      | Found a broken altar of Ashenzari.
 10219 | D:9      | Found a hazy altar of Hepliaklqana.
 10222 | D:9      | Found an ancient bone altar of Kikubaaqudgha.
 10269 | D:9      | Offered knowledge of Dazzling Flash by Vehumet.
 10460 | D:10     | Entered Level 10 of the Dungeon
 10599 | D:10     | Found Nokk's Antique Armour Shop.
 10752 | D:10     | Noticed a boulder beetle
 10820 | D:10     | Killed a boulder beetle
 10821 | D:10     | Reached skill level 10 in Fighting
 10925 | D:10     | Noticed a two-headed ogre
 10932 | D:10     | Killed a two-headed ogre
 11226 | D:10     | Reached *** piety under Vehumet
 11229 | D:10     | Reached skill level 9 in Dodging
 11398 | D:10     | Reached XP level 12. HP: 79/79 MP: 19/21
 11502 | D:10     | Reached skill level 11 in Fighting
 11658 | D:10     | Bought a pair of runed boots for 150 gold pieces
 11730 | D:11     | Noticed a two-headed ogre
 11737 | D:11     | Killed a two-headed ogre
 11827 | D:11     | Offered knowledge of Airstrike by Vehumet.
 12348 | D:11     | Found a portal to a secret trove of treasure.
 12372 | Trove    | Entered a treasure trove
 12389 | Trove    | Identified the ring of Zin's Generosity {+Blink AC+4 Int+3}
 12402 | Trove    | Identified the ring "Wal Feevadur" {Fire rElec Stlth+}
 12675 | D:11     | Found a staircase to the Orcish Mines.
 13131 | D:10     | Bought an ichor-stained kite shield for 190 gold pieces
 13131 | D:10     | Identified the +0 kite shield of the Black Skies {Will+
                  | rCorr SInv Stlth+} (You bought it in a shop on level 10 of
                  | the Dungeon)
 13204 | D:11     | Reached skill level 10 in Dodging
 13239 | D:11     | Found a staircase to the Orcish Mines.
 13895 | D:12     | Noticed a boulder beetle
 13955 | D:12     | Killed a boulder beetle
 13956 | D:12     | Reached skill level 12 in Fighting
 14593 | D:13     | Noticed a centaur warrior
 14611 | D:13     | Killed a centaur warrior
 14612 | D:13     | Reached skill level 11 in Dodging
 14655 | D:13     | Noticed a boulder beetle
 14685 | D:13     | Killed a boulder beetle
 14705 | D:13     | Found a frozen archway.
 14716 | IceCv    | Entered an ice cave
 15040 | IceCv    | Reached XP level 13. HP: 86/86 MP: 16/22
 15111 | IceCv    | Reached skill level 12 in Dodging
 15150 | IceCv    | Noticed a reaper
 15162 | IceCv    | Slain by a reaper

Vanquished Creatures
  A centaur warrior (D:13)
  3 boulder beetles
  3 two-headed ogres
  3 death yaks (D:9)
  2 manticores
  An ugly thing (D:12)
  2 cyclopes
  2 ice statues (IceCv)
  A gargoyle (D:12)
  A freezing wraith (IceCv)
  An anaconda simulacrum (IceCv)
  4 ice devils (IceCv)
  2 trolls
  2 hornets (D:9)
  Grinder (D:6)
  A slime creature (D:7)
  3 shadows
  A vampire (D:9)
  28 yaks
  2 wyverns
  4 wraiths
  3 vampire mosquitoes (D:12)
  2 acid dragons
  3 water moccasins
  3 orc warriors
  2 ice beasts
  2 black bears
  3 sky beasts
  An ogre (D:7)
  13 centaurs
  6 phantoms
  A bullfrog (D:6)
  4 kobold brigands
  A scorpion (D:4)
  2 necrophages
  3 two-headed ogre simulacra (IceCv)
  A cane toad simulacrum (IceCv)
  5 wights (D:6)
  2 troll zombies (D:11)
  3 elephant simulacra (IceCv)
  9 killer bees
  2 electric eels
  2 howler monkeys
  3 hounds
  5 jellies
  10 orc priests
  Crazy Yiuf (D:7)
  Jessica (D:3)
  An iguana (D:5)
  9 orc wizards
  A spriggan simulacrum (IceCv)
  A polar bear simulacrum (IceCv)
  2 hell rats (D:9)
  A wolf simulacrum (IceCv)
  3 troll simulacra (IceCv)
  4 ogre zombies (D:11)
  14 adders
  7 gnolls
  2 river rats (D:9)
  A shadow imp (D:7)
  A white imp (D:6)
  5 ufetubi
  3 worms
  A dart slug (D:2)
  24 orcs
  4 bats
  9 endoplasms
  3 giant cockroaches
  9 goblins
  11 hobgoblins
  11 jackals
  5 quokkas
  4 ball pythons
  5 frilled lizards
  4 goblin skeletons (D:11)
  A goblin zombie (D:11)
  3 hobgoblin zombies (D:11)
  13 kobolds
  An orc skeleton (D:11)
  10 orc zombies (D:11)
  6 rats
340 creatures vanquished.
